 Dungeon Crawl Stone Soup version 0.31-a0-691-g409c26aa35 (webtiles) character file.

Game seed: 12438920768845825389

6300 Midn8 the Cruncher (level 11, -8/84 HPs)
             Began as a Formicid Wanderer on Sept 6, 2023.
             Was a High Priest of Okawaru.
             Mangled by Grum
             ... wielding a -2 spear
              (27 damage)
             ... on level 9 of the Dungeon.
             The game lasted 00:23:57 (9902 turns).

Midn8 the Cruncher (Formicid Wanderer)              Turns: 9902, Time: 00:23:57

Health: -8/84      AC: 12    Str: 25    XL:     11   Next: 16%
Magic:  19/19      EV:  9    Int: 15    God:    Okawaru [*****.]
Gold:   399        SH: 10    Dex: 18    Spells: 19/20 levels left

rFire   . . .        r - +3 quarterstaff (chaos)
rCold   . . .        H - +0 kite shield
rNeg    . . .        u - +0 chain mail
rPois   .            (helmet unavailable)
rElec   .            s - +2 cloak
rCorr   .            (no gloves)
SInv    +            (no boots)
Will    +....        (no amulet) Stlth
                     q - +6 ring of dexterity
HPRegen 0.34/turn    E - +6 ring of strength
MPRegen 0.16/turn

%: no passive effects
@: no status effects
A: permanent stasis, dig shafts and tunnels, antennae 3, four strong arms
a: Dig, Shaft Self, Renounce Religion, Heroism, Finesse, Duel


You were on level 9 of the Dungeon.
You worshipped Okawaru.
Okawaru was extremely pleased with you.
You visited 1 branch of the dungeon, and saw 9 of its levels.

You collected 399 gold pieces.

Inventory:

Hand Weapons
 a - a +0 club
 c - a +3 dagger of protection
 e - a +0 dagger
 g - a +0 sling
 p - a +0 trident
 r - a +3 quarterstaff of chaos (weapon)
Missiles
 j - 10 boomerangs
 l - 4 poisoned darts
 v - 6 curare-tipped darts (quivered)
 z - 10 atropa-tipped darts
 A - a throwing net
Armour
 d - a +2 leather armour
 s - a +2 cloak (worn)
 u - a +0 chain mail (worn)
 y - an orb of energy
 H - a +0 kite shield (worn)
 K - the +0 scale mail of Inaction {Will+ SInv}
   (Okawaru gifted it to you on level 9 of the Dungeon)

   Will+:     It increases your willpower.
   SInv:      It lets you see invisible.
 L - a +2 cloak
Jewellery
 q - a +6 ring of dexterity (left hand)
 t - a +6 ring of intelligence
 E - a +6 ring of strength (right hand)
 G - a ring of magical power
Wands
 k - a wand of iceblast (15)
 o - a wand of paralysis (5)
Scrolls
 m - 2 scrolls of fog
 C - 2 scrolls of identify
 F - a scroll of noise {unknown}
 I - a scroll of brand weapon {unknown}
Potions
 b - 2 potions of magic
 f - 2 potions of heal wounds
 h - 7 potions of curing
 i - a potion of ambrosia {unknown}
 n - a potion of degeneration {unknown}
 w - a potion of berserk rage {unknown}
 x - a potion of brilliance
 B - 2 potions of lignification
 D - 2 potions of enlightenment {unknown}
 J - a potion of attraction {unknown}


   Skills:
 + Level 7.6 Fighting
 - Level 2.4(8.0) Polearms
 - Level 11.8(12.0) Staves
 - Level 3.0 Armour
 - Level 2.6 Dodging
 - Level 1.2 Stealth
 - Level 6.0 Shields
 - Level 5.4 Spellcasting
 - Level 1.0 Transmutations
 - Level 3.0 Poison Magic
 - Level 6.0 Invocations


You had 19 spell levels left.
You knew the following spells:

 Your Spells              Type           Power      Damage    Failure   Level
a - Sting                 Tmut/Pois      40%        1d5       58%         1

Your spell library contained the following spells:

 Spells                   Type           Power      Damage    Failure   Level
 Freeze                   Ice            16%        1d4       86%         1
 Shock                    Conj/Air       16%        1d4       86%         1
 Ensorcelled Hibernation  Hex/Ice        8%         N/A       94%         2
 Ignite Poison            Fire/Tmut/Pois 8%         N/A       96%         3
 Frozen Ramparts          Ice            8%         1d2       99%         3
 Hailstorm                Conj/Ice       4%         3d4       99%         3
 Inner Flame              Hex/Fire       4%         N/A       99%         3
 Airstrike                Air            2%         2d(1-17)  100%        4
 Anguish                  Hex/Necr       2%         N/A       100%        4
 Flame Wave               Conj/Fire      4%         2d5       100%        4
 Sticky Flame             Conj/Fire      4%         2d3       100%        4
 Swiftness                Air            Unusable   N/A       N/A         3

Dungeon Overview and Level Annotations

Branches:
Dungeon (9/15)             Temple (0/1) D:4            Lair (0/5) D:8
    Orc: D:9-12

Altars:
Ashenzari
Dithmenos
Fedhas
Gozag
Hepliaklqana
Okawaru
Qazlal
Ru
Sif Muna
Trog
Yredelemnul
Zin
The Shining One

Shops:
D:8 =

Annotations:
D:9 1 runed translucent door, Age's ghost, novice MiFi; Grum


Innate Abilities, Weirdness & Mutations

You cannot be hasted, slowed, berserked, paralysed or teleported.
You can dig through walls and to a lower floor.
You have a pair of large antennae on your head. (SInv)
Your four strong arms can wield two-handed weapons with a shield.


Message History

The centaur is almost dead.
You block the centaur's attack. x2
You sock the centaur!
You feel better.
You kill the centaur!
Okawaru accepts your kill.
No target in view!
You see here a +0 orcbow.
The wolf howls!
You hear an angry growl.
A wolf is nearby!
The wolf closely misses you.
There is a stone staircase leading up here.
You block the wolf's attack. The wolf attacks as it pursues you!
The wolf closely misses you. The wolf bites you but does no damage.
You barely miss the wolf. The wolf barely misses you.
You sock the wolf! You freeze the wolf.
The wolf is almost dead.
You block the wolf's attack. The wolf bites you but does no damage.
You thump the wolf!
You kill the wolf!
Okawaru accepts your kill. You block Grum's attack.
Grum hits you with a -2 spear.
You hit Grum.
Grum is lightly wounded.
You hit Grum but do no damage.
Grum is lightly wounded.
Grum hits you with a -2 spear!
You thump Grum!
Grum goes berserk!
Grum is moderately wounded.
Grum hits you with a -2 spear.
You sock Grum! Lightning courses through Grum!
Grum is severely wounded.
Grum hits you with a -2 spear!! x2
* * * LOW HITPOINT WARNING * * *
Aiming: Paralyse
Press: ? - help, Shift-Dir - straight line, f - Grum
Aim: Grum, wielding a -2 spear and wearing a +2 animal skin (severely wounded, berserk, chance to affect: 57%) Grum resists with significant effort.
Grum hits you with a -2 spear!!
You die...

......##.##.#..# #.# ###
...............###.###.#
...#..##.#.............#
.............####.###.#
.#.#..........# #.# #.#
####.......#..######.###.#
.........................#
.............<######.###.#
.#.##..........g@.......#.#
.#.##....#.#######.##.###.#
............# #.....####
.#.##...##..# ###.##..#
........##..####.......#
##.##.........##.......#
##.##..................#
...##.####..#.##.####.##
#..##.####..#.##.# #.#


You could see Grum (berserk).

Vanquished Creatures
  Erica (D:9)
  A two-headed ogre (D:9)
  Pikel (D:8)
  Maurice (D:9)
  Grinder (D:3)
  4 yaks (D:6)
  A steam dragon (D:8)
  2 water moccasins
  An orc warrior (D:8)
  3 ice beasts
  A sky beast (D:7)
  A black bear (D:5)
  An ogre (D:6)
  2 centaurs
  A lemure (D:8)
  4 wolves
  2 phantoms
  A gnoll sergeant (D:8)
  3 bullfrogs
  4 wights (D:8)
  5 killer bees (D:9)
  3 jellies
  4 hounds
  Crazy Yiuf (D:2)
  4 gnoll boudas
  9 orc priests
  2 sleepcaps
  5 iguanas
  Terence (D:2)
  5 orc wizards
  Robin (D:2)
  18 gnolls
  7 adders
  A shadow imp (D:5)
  A worm (D:2)
  35 orcs
  6 endoplasms
  2 giant cockroaches
  14 goblins
  12 hobgoblins
  7 jackals
  2 kobolds
  3 quokkas
  3 bats
  2 frilled lizards
  4 rats
193 creatures vanquished.

Notes
Turn   | Place    | Note
-------+----------+-------------------------------------------
     0 | D:1      | Midn8 the Formicid Wanderer began the quest for the Orb.
     0 | D:1      | Midn8 set off with the following items: a +0 club, a potion
                  | of lignification, a potion of heal wounds, a +2 leather
                  | armour; and the following spell memorised: Sting; and the
                  | following spells available to memorise: Ignite Poison.
     0 | D:1      | Reached XP level 1. HP: 13/13 MP: 6/6
   202 | D:1      | Reached skill level 1 in Poison Magic
   304 | D:1      | Reached skill level 1 in Transmutations
   304 | D:1      | Reached XP level 2. HP: 19/19 MP: 4/8
   836 | D:1      | Reached XP level 3. HP: 24/24 MP: 7/9
   962 | D:2      | Found a faded altar of an unknown god.
   984 | D:2      | Prayed at the altar of an unknown god.
   984 | D:2      | Became a worshipper of Warmaster Okawaru
   984 | D:2      | Reached * piety under Okawaru
  1166 | D:2      | Noticed Robin
  1179 | D:2      | Killed Robin
  1180 | D:2      | Reached skill level 1 in Invocations
  1191 | D:2      | Noticed Terence
  1211 | D:2      | HP: 1/36 [Terence/+0 flail (6)]
  1214 | D:2      | Killed Terence
  1215 | D:2      | Reached XP level 4. HP: 26/30 MP: 3/11
  1326 | D:2      | Reached skill level 1 in Polearms
  1442 | D:2      | Reached XP level 5. HP: 29/35 MP: 3/12
  1579 | D:2      | Found a runed translucent door.
  1580 | D:2      | Noticed Crazy Yiuf
  1838 | D:2      | Killed Crazy Yiuf
  2110 | D:3      | Found a bloodstained altar of Trog.
  2661 | D:3      | Noticed Grinder
  2663 | D:3      | Reached skill level 1 in Staves
  2775 | D:3      | Killed Grinder
  2776 | D:3      | Reached skill level 4 in Staves
  2776 | D:3      | Reached XP level 6. HP: 40/41 MP: 12/14
  3167 | D:3      | Found a stormy altar of Qazlal.
  3167 | D:3      | Found an opulent altar of Gozag.
  3168 | D:3      | Found a broken altar of Ashenzari.
  3273 | D:3      | Reached XP level 7. HP: 4/46 MP: 15/15
  3575 | D:4      | Found a staircase to the Ecumenical Temple.
  3852 | D:4      | Reached skill level 5 in Staves
  4059 | D:4      | Found a hazy altar of Hepliaklqana.
  4256 | D:4      | Reached ** piety under Okawaru
  4257 | D:4      | Reached skill level 1 in Fighting
  4332 | D:5      | Entered Level 5 of the Dungeon
  4338 | D:5      | Noticed a water moccasin
  4349 | D:5      | Killed a water moccasin
  4350 | D:5      | Reached XP level 8. HP: 34/58 MP: 13/16
  4816 | D:5      | Reached skill level 6 in Staves
  5338 | D:5      | Reached skill level 7 in Staves
  5490 | D:6      | Noticed a yak
  5490 | D:6      | Noticed a yak
  5490 | D:6      | Noticed a yak
  5500 | D:6      | Killed a yak
  5509 | D:6      | Noticed a yak
  5511 | D:6      | Killed a yak
  5511 | D:6      | Reached *** piety under Okawaru
  5515 | D:6      | Killed a yak
  5516 | D:6      | Reached skill level 8 in Staves
  5516 | D:6      | Reached XP level 9. HP: 24/65 MP: 17/17
  5719 | D:6      | Reached skill level 9 in Staves
  6134 | D:6      | Noticed a troll
  6533 | D:7      | Reached skill level 5 in Fighting
  6618 | D:7      | Found a blossoming altar of Fedhas.
  6630 | D:7      | Reached **** piety under Okawaru
  7320 | D:7      | Found a shadowy altar of Dithmenos.
  7512 | D:7      | Found a glowing golden altar of the Shining One.
  7670 | D:8      | Reached XP level 10. HP: 68/79 MP: 18/18
  7720 | D:8      | Found a staircase to the Lair.
  7839 | D:8      | Found Elet's Jewellery Shoppe.
  8011 | D:8      | Found a shimmering blue altar of Sif Muna.
  8012 | D:8      | Noticed Pikel
  8037 | D:8      | Killed Pikel
  8279 | D:8      | Found an iron altar of Okawaru.
  8280 | D:8      | Found a sacrificial altar of Ru.
  8281 | D:8      | Found a glowing silver altar of Zin.
  8282 | D:8      | Found a basalt altar of Yredelemnul.
  8369 | D:8      | Reached skill level 5 in Shields
  9017 | D:9      | Noticed Erica
  9017 | D:9      | Noticed a two-headed ogre
  9084 | D:9      | Noticed Grum
  9101 | D:8      | Reached ***** piety under Okawaru
  9105 | D:8      | Reached skill level 10 in Staves
  9180 | D:9      | Noticed Maurice
  9191 | D:9      | Killed Maurice
  9191 | D:9      | Identified the +0 scale mail of Inaction {Will+ SInv}
                  | (Okawaru gifted it to you on level 9 of the Dungeon)
  9191 | D:9      | Received a gift from Okawaru
  9280 | D:9      | Killed a two-headed ogre
  9281 | D:9      | Reached skill level 11 in Staves
  9467 | D:9      | Killed Erica
  9468 | D:9      | Reached XP level 11. HP: 84/84 MP: 11/19
  9597 | D:9      | Found a runed translucent door.
  9599 | D:9      | Noticed Age's ghost (novice MiFi)
  9599 | D:9      | Noticed a deep elf archer
  9902 | D:9      | Mangled by Grum

Illustrated notes

Levels and vault maps discovered:
D:1:      moated_graveyard_arrival, layout_basic, solitary_fountain
D:2:      layout_rooms, ebering_ecumenical_altar_rust, uniq_crazy_yiuf_cottage,
          uniq_terence, uniq_robin
D:3:      layout_basic, lemuel_doored_altar,
          gammafunk_temple_overflow_forgotten, st_stairs_4, uniq_grinder
D:4:      layout_basic, nicolae_hepliaklqana_hazy_memory,
          minmay_temple_entry_wispy
D:5:      layout_loops_cross
D:6:      layout_loops_ring, minmay_misc_feat_hallway, lightli_corner_chamber
D:7:      layout_basic, mainiacjoe_overflow_alcove_1,
          mainiacjoe_overflow_surrounded_room, fedhas_altar_2,
          grunt_ministairs_11
D:8:      layout_basic, mainiacjoe_overflow_chevrons,
          mainiacjoe_overflow_alcove_3, lair_entry_dummy, serial_shops, shop,
          uniq_pikel
D:9:      layout_basic, ebering_ghost_inner_flame, uniq_erica, uniq_gastronok,
          uniq_grum, uniq_maurice

Skill      XL: |  1  2  3  4  5  6  7  8  9 10 |
---------------+-------------------------------+-----
Poison Magic   | 1 2 3 |  3.0
Transmutations | 1 |  1.0
Invocations    | 3 6 |  6.0
Polearms       | 1 2 |  2.4
Staves         | 4 5 8 9 11 | 11.8
Fighting       | 3 4 7 |  7.6
Armour         | 3 |  3.0
Shields        | 6 |  6.0
Dodging        | |  2.6
Stealth        | |  1.2
Spellcasting   | |  5.4

Action                     |  1- 3 |  4- 6 |  7- 9 | 10-12 || total
---------------------------+-------+-------+-------+-------++-------
  Melee: Club              |     1 |       |       |       ||     1
         Dagger            |     4 |       |       |       ||     4
         Trident           |    25 |    13 |       |       ||    38
         Unarmed           |     2 |     1 |       |       ||     3
         Punch             |     2 |     1 |     5 |       ||     8
         Quarterstaff      |       |    49 |   300 |   165 ||   514
  Throw: Dart              |       |       |     5 |     3 ||     8
   Cast: Sting             |    51 |    23 |       |       ||    74
 Invoke: Heroism           |     2 |     3 |     2 |     1 ||     8
         Finesse           |       |       |       |     1 ||     1
Ability: Dig               |     1 |       |     1 |     1 ||     3
  Evoke: Wand              |       |       |     1 |     2 ||     3
    Use: Potion            |     2 |       |       |     1 ||     3
         Scroll            |       |     7 |     5 |       ||    12
   Stab: Sleeping          |       |     1 |       |       ||     1
         Confused          |       |       |     2 |       ||     2
         Paralysed         |       |       |       |     6 ||     6
         Petrifying        |       |       |       |     1 ||     1
 Armour: Leather armour    |    20 |    34 |    11 |       ||    65
         Skin              |     6 |       |       |       ||     6
         Chain mail        |       |       |   155 |   103 ||   258
  Dodge: Dodged            |    25 |    33 |    96 |    44 ||   198
  Block: Kite shield       |       |       |       |    87 ||    87

Table legend: (Time is in decaauts)
 A = Elapsed time spent in this place.
 B = Non-inter-level travel time spent in this place.
 C = Inter-level travel time spent in this place.
 D = Time resting spent in this place.
 E = Time spent auto-exploring this place.
 F = Levels seen in this place.
 G = Mean time per level.
                   A        B        C        D        E       F      G
               +--------+--------+--------+--------+--------+-----+--------+
         Total |   9858 |   9285 |    573 |   2626 |   4894 |   9 | 1095.3 |
       Dungeon |   9858 |   9285 |    573 |   2626 |   4894 |   9 | 1095.3 |
               +--------+--------+--------+--------+--------+-----+--------+

Top non-repeatable levels by time:
     D:8: 1573 daAuts
     D:3: 1518 daAuts
     D:7: 1153 daAuts
     D:5: 1107 daAuts
     D:2: 1092 daAuts
     D:1: 961 daAuts
     D:4: 912 daAuts
     D:6: 871 daAuts
     D:9: 668 daAuts
